 Dungeon Crawl Stone Soup version 0.31.0-11-ge490571c62 (webtiles) character file.

Game seed: 8449344817165881518

60 mopl the Sneak (level 4, -3/21 HPs)
             Began as a Vine Stalker Enchanter on Jan 26, 2024.
             Slain by a gnoll
             ... wielding a +0 club
              (6 damage)
             ... on level 2 of the Dungeon.
             The game lasted 00:01:16 (1301 turns).

mopl the Sneak (Vine Stalker Enchanter)             Turns: 1301, Time: 00:01:16

Health: -3/21      AC:  2    Str: 11    XL:     4   Next: 4%
Magic:  0/9        EV: 12    Int: 17    God:
Gold:   80         SH:  0    Dex: 14    Spells: 7/9 levels left

rFire   . . .        a - +1 dagger
rCold   + . .        (no shield)
rNeg    . . .        b - +0 robe
rPois   .            (no helmet)
rElec   .            (no cloak)
rCorr   .            (no gloves)
SInv    .            (no boots)
Will    .....        (no amulet)
Stlth   +++          k - ring of protection from cold
HPRegen 1.03/turn    (no ring)
MPRegen 0.11/turn

%: guardian spirit
@: no status effects
A: fangs 2, regeneration 1, magic shield, antimagic bite, no potion heal 2
a: no special abilities


You were on level 2 of the Dungeon.
You visited 1 branch of the dungeon, and saw 2 of its levels.

You collected 80 gold pieces.

Inventory:

Hand Weapons
 a - a +1 dagger (weapon)
 j - a +2 spear of venom
Armour
 b - a +0 robe (worn)
Jewellery
 k - a ring of protection from cold (left hand)
Scrolls
 d - a scroll of enchant weapon {unknown}
 g - a scroll of fear {unknown}
 h - a scroll of poison {unknown}
 i - a scroll of identify {unknown}
Potions
 c - 2 potions of invisibility
 e - a potion of heal wounds {unknown}
 f - a potion of might {unknown}
 l - 2 potions of curing {unknown}
 m - a potion of haste {unknown}


   Skills:
 + Level 1.4 Short Blades
 - Level 1.5 Dodging
 + Level 4.0 Stealth
 * Level 3.1 Spellcasting
 * Level 3.7 Hexes


You had 7 spell levels left.
You knew the following spells:

 Your Spells              Type           Power      Damage    Failure   Level
b - Ensorcelled Hibernat  Hex/Ice        18%        N/A       12%         2

Your spell library contained the following spells:

 Spells                   Type           Power      Damage    Failure   Level
 Confusing Touch          Hex            15%        N/A       11%         3
 Tukima's Dance           Hex            15%        N/A       11%         3
 Dazzling Flash           Conj/Hex       18%        N/A       24%         3


Dungeon Overview and Level Annotations

Branches:
Dungeon (2/15)

Altars:


Innate Abilities, Weirdness & Mutations

You have extremely sharp teeth.
Your natural rate of healing is unusually fast.
When hurt, damage is shared between your health and your magic reserves.
Your bite disrupts and absorbs the magic of your enemies.
Potions cannot restore your health.


Message History

You feel stronger.
Casting: Ensorcelled Hibernation (safe; 12% risk of failure)
Confirm with . or Enter, or press ? or * to list all spells.
Aiming: Ensorcelled Hibernation (safe; 12% risk of failure)
Press: ? - help, Shift-Dir - straight line, f - gnoll
Aim: a gnoll, wielding a +0 club (chance to affect: 51%)
The gnoll resists with significant effort.
You feel sick. The rat closely misses you. The gnoll closely misses you.
Unknown command.
Casting: Ensorcelled Hibernation (safe; 12% risk of failure)
Confirm with . or Enter, or press ? or * to list all spells.
You don't have enough magic to cast this spell.
You hit the gnoll but do no damage. You bite the gnoll. You drain its power.
You feel invigorated.
The gnoll is lightly wounded.
The rat barely misses you. The gnoll hits you with a +0 club.
* * * LOW HITPOINT WARNING * * *
You hit the gnoll but do no damage. You bite the gnoll, but do no damage.
The gnoll is lightly wounded.
You feel sick.
You are no longer poisoned.
The rat barely misses you. The gnoll closely misses you.
You barely miss the gnoll.
The gnoll is lightly wounded.
You barely miss the gnoll. Your bite misses the gnoll.
The gnoll is lightly wounded.
The rat closely misses you. The gnoll completely misses you.
You closely miss the gnoll.
The gnoll is lightly wounded.
The rat barely misses you. The gnoll barely misses you.
You hit the gnoll.
The gnoll is heavily wounded.
The gnoll hits you with a +0 club.
* * * LOW HITPOINT WARNING * * *
The rat bites you.
* * * LOW HITPOINT WARNING * * *
You hit the gnoll but do no damage.
The gnoll is heavily wounded.
The rat barely misses you. The gnoll hits you with a +0 club.
You die...

#.#...........
#.#.........#
#.#.........#
#.#.........#
#.#.........#
####.#.........#
#..............###
#.................#
#........†@....##.#
#.....###r.g.### #
#.....#.....##
#.....#.....#
#...?.#.[...#
#######.....#
#...).# ####...


You could see a gnoll and a rat.

Vanquished Creatures
  2 adders (D:2)
  2 dart slugs (D:1)
  3 endoplasms (D:1)
  A giant cockroach (D:1)
  7 hobgoblins
  3 jackals (D:1)
  5 kobolds (D:1)
  2 bats
  2 frilled lizards (D:1)
  3 goblins (D:1)
  9 rats
39 creatures vanquished.

Notes
Turn   | Place    | Note
-------+----------+-------------------------------------------
     0 | D:1      | mopl the Vine Stalker Enchanter began the quest for the
                  | Orb.
     0 | D:1      | Reached XP level 1. HP: 9/9 MP: 4/4
    69 | D:1      | Reached skill level 1 in Short Blades
    82 | D:1      | Reached XP level 2. HP: 13/13 MP: 4/6
    85 | D:1      | Learned a level 2 spell: Ensorcelled Hibernation
   688 | D:1      | Reached XP level 3. HP: 16/16 MP: 8/8
  1198 | D:2      | Reached skill level 4 in Stealth
  1294 | D:2      | Reached XP level 4. HP: 4/21 MP: 3/9
  1301 | D:2      | Slain by a gnoll

Illustrated notes

Levels and vault maps discovered:
D:1:      dpeg_arrival_ratfight, layout_loops_corners, corexii_leaking_fountain,
          kennysheep_pointless_box, st_stairs_2
D:2:      layout_basic, dreamdust_ecumenical_altar_sealed_demon, basic_altar

Skill      XL: |  1  2  3 |
---------------+----------+-----
Short Blades   | 1 |  1.4
Spellcasting   | 3 |  3.1
Stealth        | 4 |  4.0
Dodging        | |  1.5
Hexes          | |  3.7

Action                     |  1- 3 |  4- 6 || total
---------------------------+-------+-------++-------
  Melee: Dagger            |   105 |     7 ||   112
         Bite              |    26 |     2 ||    28
   Cast: Ensorcelled Hiber |       |     1 ||     1
   Stab: Sleeping          |     7 |       ||     7
 Armour: Robe              |    57 |     4 ||    61
  Dodge: Dodged            |    57 |    10 ||    67
